[Event "*** Titled Tuesday 3|2 Blitz"]
[Site "Chess.com"]
[Date "2016.02.02"]
[Round "1"]
[White "Hafez_Bakr"]
[Black "oskariot"]
[Result "0-1"]
[WhiteElo "1744"]
[BlackElo "2343"]
[TimeControl "180+2"]
[EndTime "11:04:01 PST"]
[Termination "oskariot won by checkmate"]

1. c4 Nf6 2. Nc3 g6 3. Nf3 Bg7 4. g3 O-O 5. Bg2 d6 6. O-O Nc6 7. d4 Bg4 8. d5 Na5 9. Qd3 c5 10. dxc6 Nxc6 11. Bg5 Rc8 12. b3 h6 13. Be3 Qa5 14.
Bd2 Qh5 15. Rad1 Bf5 16. Qe3 Ng4 17. Qf4 e5 18. Nxe5 Qxh2# 0-1

[Event "*** Titled Tuesday 3|2 Blitz"]
[Site "Chess.com"]
[Date "2016.02.02"]
[Round "1"]
[White "Hikaru"]
[Black "FabianEnglert"]
[Result "1-0"]
[WhiteElo "2862"]
[BlackElo "2338"]
[TimeControl "180+2"]
[EndTime "11:04:35 PST"]
[Termination "Hikaru won by resignation"]

1. e4 g6 2. d4 Bg7 3. Nc3 d6 4. f4 a6 5. Nf3 b5 6. Bd3 Nd7 7. e5 Bb7 8. Be3 e6 9. a4 b4 10.
Ne4 Bxe4 11. Bxe4 d5 12. Bd3 Ne7 13. Qe2 a5 14. c3 bxc3 15. bxc3 O-O 16. g4 c5 17. h4 cxd4 18. cxd4 Qb6 19. h5 Rfc8 20. Bb5 Nf8 21. h6 Bh8 22. Qd2 Qc7 23. Kf2 Qc3 24. Rhc1 Qxd2+ 25. Bxd2 f6 26. g5 fxe5 27. dxe5 Nf5 28. Rxc8 Rxc8 29. Rc1 1-0

[Event "*** Titled Tuesday 3|2 Blitz"]
[Site "Chess.com"]
[Date "2016.02.02"]
[Round "1"]
[White "jcgs1030"]
[Black "Zkid"]
[Result "0-1"]
[WhiteElo "2197"]
[BlackElo "2550"]
[TimeControl "180+2"]
[EndTime "11:04:46 PST"]
[Termination "Zkid won by resignation"]

1. e4 c5 2. Nf3 d6 3. d4 cxd4 4. Nxd4 Nf6 5. Nc3 a6 6. h3 e5 7. Nde2 Be7 8. g4 h6 9. f4 Nfd7 10. Be3 Bh4+ 11. Kd2 b5 12. a3 Bb7 13. Bg2 exf4 14.
Nxf4 Ne5 15. b3 Nbd7 16. Kc1 Rc8 17. Kb2 O-O 18. Qxd6 Bf6 19. Rad1 Rxc3 20. Kxc3 Nc4+ 21. Qd4 Nxe3 22. e5 Bxe5 23. Qxe5 Nxd1+ 24. Rxd1 Qc8+ 0-1

[Event "*** Titled Tuesday 3|2 Blitz"]
[Site "Chess.com"]
[Date "2016.02.02"]
[Round "1"]
[White "GMVar"]
[Black "AleksandrNevski"]
[Result "1-0"]
[WhiteElo "2702"]
[BlackElo "2326"]
[TimeControl "180+2"]
[EndTime "11:05:10 PST"]
[Termination "GMVar won by resignation"]

1. d4 Nf6 2. c4 g6 3. Nc3 Bg7 4. e4 O-O 5. f4 d6 6. Nf3 c5 7.
d5 a6 8. Bd3 b5 9. O-O bxc4 10.
Bxc4 Nbd7 11. Kh1 Nb6 12. Be2 Ne8 13. a4 a5 14. Qb3 Rb8 15. Bd2 Nc7 16. Nb5 Ra8 17. Bc3 f6 18. Nd2 Na6 19. Bxa5 Nb4 20. Nc4 Rxa5 21. Nxa5 f5 22. Nc6 Qd7 23. a5 1-0

[Event "*** Titled Tuesday 3|2 Blitz"]
[Site "Chess.com"]
[Date "2016.02.02"]
[Round "1"]
[White "Nutflush"]
[Black "ZEN-22"]
[Result "0-1"]
[WhiteElo "1890"]
[BlackElo "2347"]
[TimeControl "180+2"]
[EndTime "11:05:19 PST"]
[Termination "ZEN-22 won by resignation"]

1. e4 c6 2. d4 d5 3. Nc3 dxe4 4. Nxe4 Nf6 5. Nxf6+ exf6 6. Be3 Bd6 7. Bd3 O-O 8. c3 Re8 9. Ne2 Qc7 10. Qc2 g6 11. h4 f5 12. O-O-O Nd7 13. h5 Nf6 14. hxg6 fxg6 15.
Bc4+ Be6 16. Qb3 Bxc4 17. Qxc4+ Qf7 18. Qxf7+ Kxf7 19. Bg5 Ne4 20. Be3 h5 21. Rhe1 Re7 22. Ng1 Rae8 23. Nh3 Kg7 24. Bg5 Nxg5 25. Rxe7+ Rxe7 26.
Nxg5 Bf4+ 0-1

[Event "*** Titled Tuesday 3|2 Blitz"]
[Site "Chess.com"]
[Date "2016.02.02"]
[Round "1"]
[White "AvitalBor"]
[Black "ethylalcohol"]
[Result "1-0"]
[WhiteElo "2343"]
[BlackElo "1748"]
[TimeControl "180+2"]
[EndTime "11:05:32 PST"]
[Termination "AvitalBor won on time"]

1. Nf3 d5 2. d4 Nf6 3. Bf4 e6 4. e3 c5 5. c3 Nc6 6. Nbd2 Bd6 7. Ne5 O-O 8. Bd3 c4 9. Bc2 Bc7 10. Qf3 Bd7 11. Qh3 b5 12. Ndf3 Ne4 13. Ng5 h6 14. Nxe4 dxe4 15. Bxe4 Bxe5 16. dxe5 Rc8 17.
O-O 1-0

[Event "*** Titled Tuesday 3|2 Blitz"]
[Site "Chess.com"]
[Date "2016.02.02"]
[Round "1"]
[White "Quiet_Desperation"]
[Black "Dr-Bassem"]
[Result "0-1"]
[WhiteElo "2093"]
[BlackElo "2447"]
[TimeControl "180+2"]
[EndTime "11:06:02 PST"]
[Termination "Dr-Bassem won by resignation"]

1. e4 e5 2. Nf3 Nc6 3. Bb5 a6 4. Ba4 Nf6 5. d3 d6 6. c3 g6 7. O-O Bg7 8. h3 O-O 9. Re1 Bd7 10. Nbd2 Qe8 11. Bc2 Nh5 12. Nf1 f5 13. exf5 gxf5 14. Ng5 Qg6 15. Nf3 Bf6 16. N1h2 Kh8 17. Kh1 Rg8 18. Rg1 d5 19. Ne1 Rad8 20. Qe2 e4 21.
Bd1 Ng7 22. d4 Bh4 23. f4 Ne6 24. Be3 Bg3 25. Rf1 Ne7 26. Qh5 Bb5 27. Rg1 Bxf4 28. Qxg6 Nxg6 29. Bf2 e3 0-1

[Event "*** Titled Tuesday 3|2 Blitz"]
[Site "Chess.com"]
[Date "2016.02.02"]
[Round "1"]
[White "LawrenceTrent"]
[Black "kleinebeer98"]
[Result "0-1"]
[WhiteElo "2069"]
[BlackElo "2449"]
[TimeControl "180+2"]
[EndTime "11:06:11 PST"]
[Termination "kleinebeer98 won by resignation"]

1. e4 c5 2. Nf3 d6 3. Bb5+ Nc6 4. O-O Bd7 5. Re1 Nf6 6. c3 a6 7. Bc4 Bg4 8. d4 cxd4 9. cxd4 Bxf3 10. gxf3 e5 11.
dxe5 dxe5 12. Qb3 Qc7 13. Nc3 Bc5 14. Nd5 Nxd5 15. Bxd5 Nd4 16. Qd3 O-O 17. Kg2 Kh8 18. Be3 Rad8 19. Rac1 Qb6 20. b4 Bxb4 21. Rb1 Qg6+ 22.
Kh1 Bxe1 23. Bxd4 exd4 24. Rxe1 Rxd5 0-1

[Event "*** Titled Tuesday 3|2 Blitz"]
[Site "Chess.com"]
[Date "2016.02.02"]
[Round "1"]
[White "Rikikits"]
[Black "kikydu96"]
[Result "1-0"]
[WhiteElo "2566"]
[BlackElo "2261"]
[TimeControl "180+2"]
[EndTime "11:06:15 PST"]
[Termination "Rikikits won by resignation"]

1. e4 e5 2. Nf3 Nc6 3. Bb5 a6 4. Ba4 Nf6 5. d3 d6 6. c4 g6 7.
Nc3 Bg7 8. h3 O-O 9. Bxc6 bxc6 10.
Be3 d5 11. Bc5 Re8 12. O-O h6 13. Re1 Nh5 14. exd5 Nf4 15. d4 cxd5 16. dxe5 Ne6 17. Ba3 dxc4 18. Qa4 Bb7 19. Rad1 Qc8 20. Nd5 Bxd5 21.
Rxd5 Qb7 22. Qxc4 Rad8 23. Red1 Rxd5 24. Qxd5 Qxd5 25. Rxd5 Nf4 26. Ra5 1-0

[Event "*** Titled Tuesday 3|2 Blitz"]
[Site "Chess.com"]
[Date "2016.02.02"]
[Round "1"]
[White "DrVitman"]
[Black "jcibarra"]
[Result "0-1"]
[WhiteElo "2120"]
[BlackElo "2529"]
[TimeControl "180+2"]
[EndTime "11:06:16 PST"]
[Termination "jcibarra won by resignation"]

1. d4 Nf6 2. Nf3 g6 3. c4 d6 4. Nc3 Bf5 5. g3 Ne4 6. Nxe4 Bxe4 7. Bg2 Bg7 8. O-O O-O 9. b3 c5 10. Bb2 Nc6 11. e3 d5 12. Qe2 dxc4 13. Qxc4 cxd4 14. Nxd4 Bxg2 15. Kxg2 Nxd4 16. Bxd4 Rc8 17. Qa4 Qd5+ 18. Kg1 Bxd4 19. exd4 a6 20. Rac1 Rfd8 21. Rxc8 Rxc8 22. Rd1 e5 23. Qb4 Rc2 24. a4 h5 25. h4 a5 26. Qb5 Qf3 27. Rf1 exd4 28. Qxa5 d3 29.
Qd8+ Kh7 30. b4 Re2 31. b5 d2 32. a5 Rxf2 33. Rxf2 d1=Q+ 0-1

[Event "*** Titled Tuesday 3|2 Blitz"]
[Site "Chess.com"]
[Date "2016.02.02"]
[Round "1"]
[White "Cecile_Haussernot"]
[Black "Imre91"]
[Result "0-1"]
[WhiteElo "2182"]
[BlackElo "2513"]
[TimeControl "180+2"]
[EndTime "11:06:16 PST"]
[Termination "Imre91 won by resignation"]

1. e4 e6 2. d4 d5 3. Nc3 Nc6 4. Bb5 Ne7 5. Nf3 a6 6. Bxc6+ Nxc6 7. O-O Be7 8. exd5 exd5 9. Re1 O-O 10.
Bf4 Bg4 11. h3 Bh5 12. Qd3 Bg6 13. Qd2 Bb4 14. a3 Ba5 15. b4 Bb6 16. Na4 Ba7 17.
Nc5 Bxc5 18. dxc5 Qd7 19. Rad1 Rad8 20. Nd4 Nxd4 21. Qxd4 Bxc2 22. Rd2 Bg6 23. Re5 c6 24. h4 f6 25. Re3 Rfe8 26. a4 Qf5 27. Bd6 Rxe3 28.
fxe3 Re8 29. b5 axb5 30. axb5 Qb1+ 31. Kh2 Re4 32. Qb2 Rxh4+ 33. Kg3 Qe1+ 34. Rf2 Re4 35. Bf4 h5 36. bxc6 bxc6 37. Kh2 Rc4 38. Qb8+ Kh7 39. Bg3 h4 0-1

[Event "*** Titled Tuesday 3|2 Blitz"]
[Site "Chess.com"]
[Date "2016.02.02"]
[Round "1"]
[White "Smirnov_Pavel"]
[Black "MateusViageiro"]
[Result "1-0"]
[WhiteElo "2526"]
[BlackElo "2175"]
[TimeControl "180+2"]
[EndTime "11:06:22 PST"]
[Termination "Smirnov_Pavel won by resignation"]

1. d4 Nf6 2. c4 e6 3. g3 d5 4. Bg2 Be7 5. Nf3 O-O 6. O-O Nbd7 7. b3 c6 8. Nc3 b6 9. Qd3 Ba6 10.
Rd1 Rc8 11. Bb2 Re8 12. a4 Bb4 13. Na2 Be7 14. Nc3 Bb4 15. Rac1 Qe7 16. Nd2 Red8 17.
e4 dxe4 18. Ndxe4 c5 19. Qe3 cxd4 20. Rxd4 Nxe4 21. Nxe4 Nc5 22. Rcd1 Nxe4 23. Qxe4 Bc5 24. R4d2 Rxd2 25. Rxd2 Bb4 26. Rd3 Qf8 27. Rd7 Rd8 28.
Bxg7 Qe8 29. Rxd8 Qxd8 30. Bd4 Kf8 31. Qe5 Ke8 32. Bc6+ Kf8 33. Qh8+ 1-0

[Event "*** Titled Tuesday 3|2 Blitz"]
[Site "Chess.com"]
[Date "2016.02.02"]
[Round "1"]
[White "Danirod"]
[Black "AndrewMcStone"]
[Result "1-0"]
[WhiteElo "2387"]
[BlackElo "2023"]
[TimeControl "180+2"]
[EndTime "11:06:22 PST"]
[Termination "Danirod won by resignation"]

1. e4 d5 2. exd5 Nf6 3. d4 Bg4 4. Bb5+ Nbd7 5. f3 Bf5 6. Nc3 a6 7. Ba4 b5 8. Bb3 Nb6 9. a3 Nfxd5 10. Nge2 c6 11. Ne4 e6 12. O-O Be7 13. N2g3 Bg6 14. Nc5 O-O 15. c3 Bxc5 16. dxc5 Nd7 17. Ne4 Qe7 18.
Qd4 e5 19. Qf2 Bxe4 20. fxe4 N5f6 21. Bg5 Qxc5 22. Bc2 Qxf2+ 23. Rxf2 h6 24. Bh4 Rad8 25. Rd1 g5 26. Bg3 Kg7 27. Rfd2 Rfe8 28. Rd6 Rc8 29. Rxd7 Nxd7 30. Rxd7 Kf6 31. Rd6+ Re6 32. Rd7 Re7 33. Rd6+ Re6 34. Rd2 Ke7 35. Bf2 f6 36. Bc5+ Ke8 37. Bb3 1-0

[Event "*** Titled Tuesday 3|2 Blitz"]
[Site "Chess.com"]
[Date "2016.02.02"]
[Round "1"]
[White "Saitama_Hero"]
[Black "VSERGUEI"]
[Result "1-0"]
[WhiteElo "2072"]
[BlackElo "2384"]
[TimeControl "180+2"]
[EndTime "11:06:38 PST"]
[Termination "Saitama_Hero won by checkmate"]

1. e4 e6 2. d4 d5 3. Nc3 Nf6 4. e5 Nfd7 5. f4 c5 6. Nf3 Nc6 7. Be3 Be7 8. Qd2 O-O 9. O-O-O c4 10. f5 b5 11. g4 b4 12. Ne2 Qa5 13. Kb1 c3 14. Qe1 cxb2 15. Nf4 Nb6 16. f6 gxf6 17. Qh4 Na4 18. Rd3 Qd8 19. exf6 Bxf6 20. g5 Bh8 21. Nh5 Ne7 22. Ne5 Ng6 23. Qg3 Ba6 24. Ng4 Bxd3 25. Bxd3 Nc3+ 26. Kxb2 Qa5 27. Nh6# 1-0

[Event "*** Titled Tuesday 3|2 Blitz"]
[Site "Chess.com"]
[Date "2016.02.02"]
[Round "1"]
[White "VMikhalevski"]
[Black "GianmarcoVaR"]
[Result "1-0"]
[WhiteElo "2552"]
[BlackElo "2199"]
[TimeControl "180+2"]
[EndTime "11:06:40 PST"]
[Termination "VMikhalevski won by resignation"]

1. c4 Nf6 2. g3 c6 3. Nf3 d5 4.
Bg2 dxc4 5. O-O Nbd7 6. Na3 Nb6 7. Ne5 Be6 8. Qc2 h5 9. Naxc4 Nxc4 10. Nxc4 h4 11. Ne5 g6 12. Nxc6 bxc6 13. Qxc6+ Nd7 14. Qxa8 Qxa8 15. Bxa8 Bg7 16. d3 Nb6 17. Bc6+ Kf8 18.
a4 Rh5 19. a5 Nd5 20. Bd2 Bxb2 21. Rab1 Bd4 22. e3 Bc3 23. Bxd5 Bxd2 24. Bxe6 fxe6 25. a6 Ba5 26. Rb7 Bb6 27. Rxb6 axb6 28. Ra1 1-0

[Event "*** Titled Tuesday 3|2 Blitz"]
[Site "Chess.com"]
[Date "2016.02.02"]
[Round "1"]
[White "StellarChessPro"]
[Black "Tesla37"]
[Result "0-1"]
[WhiteElo "2236"]
[BlackElo "2560"]
[TimeControl "180+2"]
[EndTime "11:06:53 PST"]
[Termination "Tesla37 won by resignation"]

1. d4 Nf6 2. Bg5 c5 3. Bxf6 gxf6 4. d5 Qb6 5. Qc1 f5 6. e3 Bg7 7. c3 Na6 8. Ne2 Nc7 9. Nf4 h5 10. Be2 h4 11. Nd2 Qh6 12. Qc2 d6 13. a4 e5 14.
dxe6 fxe6 15. Bh5+ Kd8 16. Bf3 e5 17. Nd5 e4 18.
Nxc7 Kxc7 19. Be2 Qg6 20. O-O-O d5 21. Nb3 Qd6 22. c4 d4 23. exd4 cxd4 24. c5 Qf4+ 25. Kb1 d3 26. Qc4 dxe2 27. Qf7+ Kb8 28. Rc1 Qc7 29.
Qc4 Qe5 30. Qxe2 Be6 31. Na5 Kc7 32. Qb5 Rab8 33. Rhd1 Rhd8 34. Rxd8 Kxd8 35. Nxb7+ Ke7 36. c6 Qxb5 37. axb5 Be5 38. g3 h3 39. Kc2 Bc4 40. Na5 Bxb5 41. Kd2 Bc7 42. Nb7 Bxc6 43. Rxc6 Rxb7 44.
Ke3 Be5 45. f4 Rb3+ 46. Kd2 Rxb2+ 47. Ke3 Rb3+ 48. Kd2 Bd4 49. Rc7+ Kd6 50. Rh7 Rb2+ 0-1

[Event "*** Titled Tuesday 3|2 Blitz"]
[Site "Chess.com"]
[Date "2016.02.02"]
[Round "1"]
[White "Matibar"]
[Black "kharposh"]
[Result "1-0"]
[WhiteElo "2432"]
[BlackElo "2062"]
[TimeControl "180+2"]
[EndTime "11:07:05 PST"]
[Termination "Matibar won by resignation"]

1. e4 e5 2. Nf3 Nc6 3. Bb5 Nf6 4. Nc3 Bb4 5. d3 d6 6. O-O Bg4 7. h3 Bxc3 8. hxg4 Ba5 9. d4 O-O 10. g5 Nxe4 11. Bd3 f5 12. gxf6 Nxf6 13. dxe5 Nxe5 14.
Nxe5 dxe5 15. Bg5 e4 16. Bc4+ Kh8 17. Qxd8 Raxd8 18. Rad1 h6 19. Bxf6 gxf6 20. Bd5 f5 21. Bxb7 Kg7 22. Bd5 Kf6 23. g3 Ke5 24. Bc4 Rd6 25.
Kg2 Rfd8 26. Rxd6 cxd6 27. Rh1 d5 28. Be2 Rd6 29. c3 Bb6 30. Rh5 Rf6 31. f4+ Ke6 32.
b4 a5 33. a4 d4 34. bxa5 dxc3 35. axb6 c2 36. Rh1 Kd5 37. a5 Kd4 38. b7 Rf8 39. a6 Ke3 40. a7 Kxe2 41. b8=Q 1-0

[Event "*** Titled Tuesday 3|2 Blitz"]
[Site "Chess.com"]
[Date "2016.02.02"]
[Round "1"]
[White "KyronGriffith"]
[Black "Dlugy"]
[Result "0-1"]
[WhiteElo "2258"]
[BlackElo "2565"]
[TimeControl "180+2"]
[EndTime "11:07:17 PST"]
[Termination "Dlugy won by resignation"]

1. e4 c5 2. Nf3 d6 3. d4 cxd4 4. Nxd4 Nf6 5. Nc3 Nc6 6. Bg5 e6 7. Qd2 a6 8. O-O-O h6 9. Nxc6 bxc6 10. Bf4 d5 11. Qe3 Bb4 12. Be2 O-O 13. e5 Nh7 14. g4 c5 15. Qg3 Bb7 16. Ne4 Qa5 17. Nd6 Qxa2 18. c3 Bc6 19. cxb4 Ba4 20. Qa3 Qxa3 21.
bxa3 Bxd1 22. Rxd1 cxb4 23. axb4 Rfb8 24. Bd2 Nf8 25. f4 Nd7 26. Kc2 g5 27. fxg5 hxg5 28.
Bxg5 Rxb4 29. Bd2 Rb6 30. Bc3 f6 31. Bf3 fxe5 32. Rxd5 exd5 33. Bxd5+ Kg7 34. Bxa8 Rxd6 35. h4 a5 36. Kb3 a4+ 37. Ka3 Rd3 38. Kb4 Rg3 39. Bc6 Rxg4+ 40. Kb5 Nf6 41. Bxe5 Rxh4 42. Kc5 Rh5 43. Kd6 Rxe5 0-1

[Event "*** Titled Tuesday 3|2 Blitz"]
[Site "Chess.com"]
[Date "2016.02.02"]
[Round "1"]
[White "nonsopolo1"]
[Black "GMG"]
[Result "1-0"]
[WhiteElo "2140"]
[BlackElo "2440"]
[TimeControl "180+2"]
[EndTime "11:07:19 PST"]
[Termination "nonsopolo1 won by resignation"]

1. e4 c5 2. Nf3 e6 3. d4 cxd4 4. Nxd4 a6 5. Nc3 Qc7 6. Bd3 Bd6 7. Qf3 Nc6 8. Nxc6 bxc6 9. Be3 Rb8 10. b3 Be5 11. Bd2 Nf6 12. h3 d5 13. O-O O-O 14.
Rae1 Bb7 15. Qe2 Rfe8 16. f4 Bd4+ 17. Kh1 e5 18. f5 Bxc3 19. Bxc3 dxe4 20. Bxe4 Nxe4 21.
Qxe4 c5 22. Qg4 Qc6 23. f6 g6 24. Rxe5 h5 25. Qg5 Rxe5 26. Bxe5 Re8 27. Re1 Qd5 28.
Kh2 Kh7 29. Re2 Re6 30. c4 Qd8 31. Rd2 Qe8 32. Bf4 Qf8 33. Rd8 Re2 34. Rxf8 1-0

[Event "*** Titled Tuesday 3|2 Blitz"]
[Site "Chess.com"]
[Date "2016.02.02"]
[Round "1"]
[White "lorcho"]
[Black "Sawyer2908"]
[Result "1-0"]
[WhiteElo "2582"]
[BlackElo "2280"]
[TimeControl "180+2"]
[EndTime "11:07:22 PST"]
[Termination "lorcho won by resignation"]

1. e4 c5 2. Nc3 a6 3. a4 Nc6 4.
g3 g6 5. Bg2 Bg7 6. d3 d6 7. f4 e6 8. Nf3 Nge7 9. O-O Nd4 10. e5 Nxf3+ 11. Qxf3 d5 12. Be3 d4 13. Ne4 dxe3 14. Nd6+ Kf8 15. Qxe3 Qc7 16. g4 Bd7 17. Bxb7 Rb8 18. Bxa6 Nd5 19. Qd2 Ke7 20. Bb5 f6 21. Rae1 Rhf8 22. Nc4 Bxb5 23. axb5 Rxb5 24. exf6+ Bxf6 25. f5 gxf5 26. Rxf5 Qc6 27. c3 Rbb8 28. Qh6 Rf7 29.
Qh5 Bd4+ 30. cxd4 Rxf5 31. Qxf5 Rf8 32. Qxh7+ Rf7 33. Qxf7+ 1-0

[Event "*** Titled Tuesday 3|2 Blitz"]
[Site "Chess.com"]
[Date "2016.02.02"]
[Round "1"]
[White "pKiLz5Rn9b"]
[Black "Parthenope"]
[Result "1-0"]
[WhiteElo "2366"]
[BlackElo "1778"]
[TimeControl "180+2"]
[EndTime "11:07:26 PST"]
[Termination "pKiLz5Rn9b won by resignation"]

1. e4 c5 2. c3 d5 3. exd5 Qxd5 4. d4 Nc6 5. Nf3 Bg4 6. Be2 e6 7. h3 Bh5 8. Be3 cxd4 9. cxd4 Nf6 10. Nc3 Qd6 11.
O-O Be7 12. Qb3 O-O 13. Rfd1 Nb4 14. g4 Bg6 15. Ne5 Bc2 16. Qc4 Bxd1 17. Rxd1 Rfc8 18. Qb5 Nbd5 19. Bf3 a6 20. Qb3 b5 21. Bg5 Rab8 22. Nb1 a5 23. a3 a4 24. Qd3 h6 25. Bd2 b4 26. axb4 Nxb4 27. Qa3 Nfd5 28. Qxa4 Rc2 29.
Bxd5 exd5 30. Bxb4 Qxb4 31. Qxc2 Bd6 32. Nc3 Qxb2 33.
Qxb2 Rxb2 34. Nxd5 Rb5 35. Ne3 f6 36. N5c4 Bb8 37. d5 Kf8 38. d6 Ke8 39. Nf5 Kd7 40. Nxg7 Rc5 41. Ne3 Bxd6 42. Ngf5 1-0

[Event "*** Titled Tuesday 3|2 Blitz"]
[Site "Chess.com"]
[Date "2016.02.02"]
[Round "1"]
[White "Alexander_Donchenko"]
[Black "BillieKimbah"]
[Result "0-1"]
[WhiteElo "2522"]
[BlackElo "2306"]
[TimeControl "180+2"]
[EndTime "11:07:30 PST"]
[Termination "BillieKimbah won by resignation"]

1. d4 d5 2. c4 c6 3. Nf3 Nf6 4. Qc2 dxc4 5. Qxc4 Bg4 6. Nc3 Nbd7 7. Bf4 Bxf3 8. gxf3 Nb6 9. Qd3 Nfd5 10. Bd2 e6 11. e4 Nb4 12. Qb1 Qxd4 13. a3 Na6 14. Be3 Qd7 15. Bxa6 bxa6 16. Qc2 Be7 17. Rd1 Qb7 18. Rg1 O-O 19. Bd4 g6 20. Qc1 Rfd8 21. Qh6 Bf8 22.
Qg5 Nc4 23. b4 Nxa3 24. Kf1 Nb5 25. Be5 Nxc3 26. Rxd8 Rxd8 27. Qxd8 Qb5+ 28. Kg2 Qxe5 29. Kh1 Ne2 30. Re1 Nf4 31. Rd1 Qh5 0-1

[Event "*** Titled Tuesday 3|2 Blitz"]
[Site "Chess.com"]
[Date "2016.02.02"]
[Round "1"]
[White "the_drake"]
[Black "KNVB"]
[Result "0-1"]
[WhiteElo "2011"]
[BlackElo "2383"]
[TimeControl "180+2"]
[EndTime "11:07:33 PST"]
[Termination "KNVB won by checkmate"]

1. e4 e6 2. d4 d5 3. Nd2 h6 4. e5 c5 5. c3 Nc6 6. Bb5 Qb6 7. Bxc6+ bxc6 8. Ne2 a5 9. O-O Ba6 10. Re1 h5 11. Nf3 Nh6 12. Rb1 Nf5 13. Be3 Rb8 14.
b3 Be7 15. Ng3 Nxe3 16. fxe3 h4 17. Ne2 h3 18. g3 a4 19. Rf1 axb3 20. Rxb3 Qc7 21.
Rxb8+ Qxb8 22. Kf2 f5 23. Qb3 Kd7 24. Rb1 Qc7 25. Qb6 Qxb6 26. Rxb6 Ra8 27. Nf4 g5 28. Ng6 Bd8 29. Rb2 g4 30. Nfh4 Ba5 31. Rb3 Bc4 32. Ra3 cxd4 33. exd4 c5 34. Ke3 cxd4+ 35.
Kf2 dxc3 36. Nf4 Bb6+ 37. Ke1 Rxa3 38. Kd1 Rxa2 39. Kc1 Be3+ 40. Kb1 c2# 0-1

[Event "*** Titled Tuesday 3|2 Blitz"]
[Site "Chess.com"]
[Date "2016.02.02"]
[Round "1"]
[White "igorkovalenko"]
[Black "oggy1984"]
[Result "1-0"]
[WhiteElo "2516"]
[BlackElo "2184"]
[TimeControl "180+2"]
[EndTime "11:07:38 PST"]
[Termination "igorkovalenko won by resignation"]

1. d4 Nf6 2. Nf3 g6 3. c4 Bg7 4. Nc3 d5 5. Bg5 Ne4 6. h4 Nxc3 7. bxc3 c5 8. e3 Nc6 9. cxd5 Qxd5 10. Qb3 Qxb3 11.
axb3 cxd4 12. exd4 e5 13. dxe5 Nxe5 14. O-O-O O-O 15.
Nxe5 Bxe5 16. Bh6 Bg7 17. Bxg7 Kxg7 18. Bc4 Bf5 19. Rd4 Rfd8 20. Rhd1 Rxd4 21. Rxd4 Re8 22. Kd2 Re7 23. Bd5 b6 24. g4 Bc8 25. Bf3 Rd7 26. Ke3 Kf6 27. g5+ Ke7 28. Bd5 Bb7 29.
Re4+ Kd6 30. Bxb7 Rxb7 31. Kd4 b5 32. Rf4 a5 33. Rf6+ Ke7 34. Ra6 a4 35. bxa4 bxa4 36.
Rxa4 Rb2 37. Ke3 Rc2 38. Rc4 Ke6 39. f3 Kd5 40. Kd3 Rh2 41. Rf4 Ke6 42. c4 Rh1 43. Kd4 Rd1+ 44. Kc5 Rd2 45. Kb5 Rb2+ 46. Kc6 Rb4 47. Re4+ Kf5 48. c5 Rb3 49. Re7 f6 50. Rf7 1-0

[Event "*** Titled Tuesday 3|2 Blitz"]
[Site "Chess.com"]
[Date "2016.02.02"]
[Round "1"]
[White "LuckyTiger"]
[Black "kesarev"]
[Result "0-1"]
[WhiteElo "2460"]
[BlackElo "2183"]
[TimeControl "180+2"]
[EndTime "11:07:45 PST"]
[Termination "kesarev won by resignation"]

1. e4 c5 2. c3 e6 3. d4 cxd4 4.
cxd4 d5 5. e5 Qb6 6. Nc3 Bd7 7.
Nf3 Bb4 8. Bd2 Nc6 9. Na4 Qa5 10. Nc5 Nxd4 11. Nxb7 Nxf3+ 12. gxf3 Qb6 13. Nd6+ Bxd6 14. exd6 Qxd6 15. Rg1 Qxh2 16. Rxg7 Qe5+ 17. Qe2 Qxg7 18. Bc3 f6 19. O-O-O Ne7 20. Rd4 e5 21. Rb4 d4 22.
Bd2 Bf5 23. Qb5+ Kf7 24. f4 Rac8+ 25. Bc4+ Be6 26. f5 Bxc4 27. Rxc4 Qg1+ 28. Kc2 Qf1 0-1

[Event "*** Titled Tuesday 3|2 Blitz"]
[Site "Chess.com"]
[Date "2016.02.02"]
[Round "1"]
[White "ftorodent"]
[Black "BartoszSocko"]
[Result "0-1"]
[WhiteElo "2297"]
[BlackElo "2691"]
[TimeControl "180+2"]
[EndTime "11:07:46 PST"]
[Termination "BartoszSocko won by resignation"]

1. d4 Nf6 2. c4 e6 3. Nf3 d5 4.
Nc3 Bb4 5. cxd5 exd5 6. Bg5 h6 7. Bxf6 Qxf6 8. e3 O-O 9. Qb3 Bxc3+ 10. Qxc3 c6 11.
Be2 Bg4 12. O-O Nd7 13. b4 a6 14. a4 b5 15. a5 Rae8 16. Rfc1 Re6 17. Ne5 Nxe5 18. dxe5 Qg6 19. Bxg4 Qxg4 20. Qd4 Qf5 21.
Rc3 f6 22. exf6 Rfxf6 23. Qd2 Re4 24. Rd3 Rxb4 25. Qxb4 Qxd3 26. Rc1 Qe2 27. Rf1 Qc2 28. Qe7 Kh7 29. Qd7 b4 30. f3 b3 31.
Qb7 b2 32. h4 Rg6 33. g4 Re6 34. e4 dxe4 35. Qd7 Rf6 36. g5 hxg5 37. hxg5 Qc5+ 38. Kh2 Qxg5 0-1

[Event "*** Titled Tuesday 3|2 Blitz"]
[Site "Chess.com"]
[Date "2016.02.02"]
[Round "1"]
[White "manubibi"]
[Black "AungTZ"]
[Result "0-1"]
[WhiteElo "2422"]
[BlackElo "2100"]
[TimeControl "180+2"]
[EndTime "11:07:53 PST"]
[Termination "AungTZ won by resignation"]

1. e4 c5 2. Nf3 Nc6 3. Bb5 e6 4.
b3 Nge7 5. Bb2 a6 6. Bxc6 Nxc6 7.
O-O d6 8. d4 cxd4 9. Nxd4 Bd7 10. f4 Be7 11. f5 O-O 12. Nd2 Qb6 13. Nc4 Qa7 14. Kh1 Rad8 15. f6 gxf6 16. Rxf6 e5 17.
Nxc6 Bxc6 18. Qg4+ Kh8 19. Nxe5 Bxf6 20. Nxc6 Bxb2 21.
Nxa7 Bxa1 22. Qd1 Be5 23. Qd5 Rd7 24. c4 f5 25. g3 f4 26. gxf4 Rxf4 27. Qd3 Rg7 28. Nc8 Rf2 29. Qh3 Rxa2 30. Ne7 Ra1+ 0-1

[Event "*** Titled Tuesday 3|2 Blitz"]
[Site "Chess.com"]
[Date "2016.02.02"]
[Round "1"]
[White "Journey_to_GrandMaster_YT"]
[Black "AlexanderL"]
[Result "0-1"]
[WhiteElo "2284"]
[BlackElo "2593"]
[TimeControl "180+2"]
[EndTime "11:07:55 PST"]
[Termination "AlexanderL won by resignation"]

1. d4 e6 2. Nf3 Nf6 3. c4 d5 4. Nc3 c6 5. Bg5 h6 6. Bh4 dxc4 7. a4 Bb4 8. e3 b5 9. Ne5 Bb7 10. Qf3 Qd5 11. Be2 Qxf3 12. Bxf3 a6 13. O-O Nd5 14. Ne2 Nd7 15. Bg3 Nxe5 16. Bxe5 f6 17.
Bg3 Ke7 18. e4 Nb6 19. Nf4 Rhe8 20. Bh5 Red8 21. a5 Na4 22. d5 cxd5 23. exd5 Bxd5 24. Ng6+ Kd7 25. Rab1 Kc6 26. Nf4 Bxa5 27. Rfd1 Nc5 28. Ra1 Bc7 29. Bg4 Bxf4 30. Bxf4 Nd3 31. Be3 f5 32. Be2 Nxb2 33. Rd2 Nd3 34. Bxd3 cxd3 35. Rc1+ Kb7 36. Rxd3 Rac8 37. Rcd1 Rc4 38. h3 Rdc8 39.
Bd4 g5 40. h4 g4 41. Be3 h5 42. Bf4 Rxf4 0-1

[Event "*** Titled Tuesday 3|2 Blitz"]
[Site "Chess.com"]
[Date "2016.02.02"]
[Round "1"]
[White "LADIESGET2KNOWME"]
[Black "FairChess_on_YouTube"]
[Result "0-1"]
[WhiteElo "2333"]
[BlackElo "2752"]
[TimeControl "180+2"]
[EndTime "11:07:57 PST"]
[Termination "FairChess_on_YouTube won by resignation"]

1. d4 d5 2. Nf3 Nf6 3. c4 c6 4.
Nc3 a6 5. g3 g6 6. cxd5 cxd5 7.
Bg2 Bg7 8. O-O O-O 9. Ne5 Be6 10. Bf4 Nbd7 11. Rc1 Rc8 12. Qb3 Nb6 13. Na4 Nxa4 14. Qxa4 Qb6 15. b3 h6 16. Nd3 Ne4 17. Bxe4 dxe4 18.
Nc5 Rfd8 19. Be3 Bd5 20. Rc2 Qc6 21. Qxc6 Rxc6 22. Rfc1 Rdc8 23. Rc3 e5 24. dxe5 Bxe5 25. R3c2 b6 26. Rd1 Be6 27. Nxe6 Rxc2 28. Nf4 Rxa2 29.
Nd5 Rcc2 30. Bxh6 Rxe2 31. Ne7+ Kh7 32. Be3 Ra1 33. Rxa1 Bxa1 0-1